 Dungeon Crawl Stone Soup version 0.23-a0-171-g5ae17c6 (webtiles) character file.

111385 glosham the Bludgeoner (level 17, -11/128 HPs)
             Began as a Human Abyssal Knight on Sept 13, 2018.
             Was the Champion of Lugonu.
             Mangled by a white very ugly thing (16 damage)
             ... on level 15 of the Dungeon on Sept 14, 2018.
             The game lasted 07:33:16 (21250 turns).

glosham the Bludgeoner (Human Abyssal Knight)      Turns: 21250, Time: 07:33:17

Health: -11/128    AC: 20    Str: 23    XL:     17   Next: 12%
Magic:  0/21       EV: 15    Int: 15    God:    Lugonu [******]
Gold:   1055       SH:  0    Dex: 14    Spells: 16/16 levels left

rFire    + . .     SeeInvis .   a - +3 executioner's axe (vamp)
rCold    + . .     Gourm    .   (shield currently unavailable)
rNeg     . . .     Faith    .   R - +0 troll leather armour
rPois    .         Spirit   +   U - +2 helmet
rElec    .         Reflect  .   Y - +3 cloak "Soupomes" {Str+2}
rCorr    .         Harm     .   V - +3 pair of gauntlets of War {Slay+5}
MR       +....                  W - +2 pair of boots {run}
Stlth    +.........             z - amulet "Tapolenu" {Spirit Dex+2}
HPRegen  0.71/turn              A - +3 ring of slaying
MPRegen  0.17/turn              C - ring of the Peasants {rF+ rC+ Int+3}

@: quick
A: no striking features
a: Depart the Abyss, Bend Space, Banish, Corrupt, Enter the Abyss, Brand Weapon
With Distortion, Renounce Religion


You were on level 15 of the Dungeon.
You worshipped Lugonu.
Lugonu was exalted by your worship.
You were not hungry.

You visited 4 branches of the dungeon, and saw 24 of its levels.
You visited the Abyss 1 time.
You also visited: Labyrinth.

You collected 3161 gold pieces.
You spent 2106 gold pieces at shops.

Inventory:

Hand Weapons
 a - a +3 vampiric executioner's axe (weapon)
 b - a +6 great mace of holy wrath
Armour
 R - a +0 troll leather armour (worn)
 T - a +2 robe of magic resistance
 U - a +2 helmet (worn)
 V - the +3 pair of gauntlets of War (worn) {Slay+5}
   (You found it on level 6 of the Lair of Beasts)

   It affects your accuracy and damage with ranged weapons and melee attacks
   (+5).
 W - a +2 pair of boots of running (worn)
 X - the +0 plate armour "Qafekaurgh" {Dex+3}
   (You found it on level 6 of the Lair of Beasts)

   It affects your dexterity (+3).
 Y - the +3 cloak "Soupomes" (worn) {Str+2}
   (You bought it in a shop on level 6 of the Dungeon)

   It affects your strength (+2).
 Z - a +1 chain mail of cold resistance
Jewellery
 z - the amulet "Tapolenu" (around neck) {Spirit Dex+2}
   (You bought it in a shop on level 5 of the Dungeon)

   [amulet of guardian spirit]

   It causes incoming damage to be split between your health and magic.
   It affects your dexterity (+2).
 A - a +3 ring of slaying (left hand)
 B - a +3 ring of protection
 C - the ring of the Peasants (right hand) {rF+ rC+ Int+3}
   (You bought it in a shop on level 6 of the Dungeon)

   [ring of protection from fire]

   It affects your intelligence (+3).
   It protects you from fire.
   It protects you from cold.
 M - an uncursed ring of protection from magic
Wands
 c - a wand of iceblast (12)
 g - a wand of disintegration (16)
 h - a wand of polymorph (30)
 i - a wand of paralysis (9)
 j - a wand of flame (91)
Scrolls
 d - 2 scrolls of vulnerability
 k - 8 scrolls of teleportation
 l - 2 scrolls of blinking
 m - a scroll of fog
 n - a scroll of fear
 o - 12 scrolls of remove curse
 p - 2 scrolls of identify
 q - 5 scrolls of magic mapping
Potions
 r - 10 potions of curing
 s - 2 potions of heal wounds
 t - 2 potions of magic
 u - 3 potions of haste
 v - 3 potions of lignification
 w - 2 potions of cancellation
 x - 3 potions of agility
 y - a potion of might
 D - 2 potions of ambrosia
 E - a potion of flight
Miscellaneous
 f - a phial of floods
Comestibles
 e - 51 rations
 K - a chunk of flesh


   Skills:
 - Level 10.3 Fighting
   Level 2.0 Long Blades
 * Level 13.8(18.4) Axes
 - Level 20.0(21.2) Maces & Flails
 - Level 7.6 Armour
 - Level 5.5 Dodging
 - Level 5.3 Invocations


You had 16 spell levels left.
You didn't know any spells.
Your spell library contained the following spells:

 Spells                   Type           Power        Failure   Level  Hunger
 Corona                   Hex            #......      30%         1    ##.....
 Sandblast                Erth           #.....       30%         1    ##.....
 Shock                    Conj/Air       #...         30%         1    ##.....
 Sting                    Conj/Pois      #...         30%         1    ##.....
 Summon Butterflies       Summ           #.......     30%         1    ##.....
 Passwall                 Tmut/Erth      #.......     41%         2    ###....
 Poisonous Vapours        Pois/Air       #.....       41%         2    ###....
 Slow                     Hex            #.......     41%         2    ###....
 Swiftness                Chrm/Air       #.......     41%         2    ###....
 Call Canine Familiar     Summ           #.......     65%         3    ####...
 Inner Flame              Hex/Fire       #.......     65%         3    ####...
 Mephitic Cloud           Conj/Pois/Air  #.......     65%         3    ####...
 Portal Projectile        Hex/Tloc       #.....       65%         3    ####...
 Static Discharge         Conj/Air       #.......     65%         3    ####...
 Stone Arrow              Conj/Erth      #.....       65%         3    ####...
 Airstrike                Air            #.........   96%         4    #####..
 Cause Fear               Hex            #.........   96%         4    #####..
 Leda's Liquefaction      Hex/Erth       #.........   96%         4    #####..
 Olgreb's Toxic Radiance  Pois           #.......     96%         4    #####..
 Petrify                  Tmut/Erth      #.......     96%         4    #####..
 Summon Ice Beast         Ice/Summ       #.......     96%         4    #####..
 Lee's Rapid Deconstruct  Erth           #.........   100%        5    ######.
 Lightning Bolt           Conj/Air       #.........   100%        5    ######.
 Summon Mana Viper        Hex/Summ       #.......     100%        5    ######.
 Venom Bolt               Conj/Pois      #.........   100%        5    ######.
 Summon Hydra             Summ           #.........   100%        7    #######


Dungeon Overview and Level Annotations

Branches:
Dungeon (15/15)            Temple (0/1) D:5            Lair (6/6) D:10
  Swamp (0/4) Lair:3        Snake (0/4) Lair:2        Slime (0/5) Lair:5
    Orc (2/2) D:10            Elf (0/3) Orc:2        Vaults (0/5) D:14
 Depths (1/5) D:15

Altars:
Makhleb
Trog
Xom

Shops:
D:5 =   D:6 =[*   Orc:2 }*!}   Depths:1 *

Portals:
Hell: Depths:1


Message History

You see here a large rock.
Evoke which item? (* to show all) (? for menu, Esc to quit)
Aiming: Paralyse
Press: ? - help, Shift-Dir - straight line, f - white very ugly thing
Aim: a white very ugly thing (chance to defeat MR: 28%)
The white very ugly thing easily resists.
Evoke which item? (* to show all) (? for menu, Esc to quit)
Aiming: Paralyse
Press: ? - help, Shift-Dir - straight line, f/p - white very ugly thing
Aim: a white very ugly thing (chance to defeat MR: 28%)
The white very ugly thing easily resists.
There is an open door here.
You see here a large rock.
There is an open door here.
Evoke which item? (* to show all) (? for menu, Esc to quit)
Aiming: Paralyse
Press: ? - help, Shift-Dir - straight line, f/p - white very ugly thing
Aim: a white very ugly thing (chance to defeat MR: 28%)
The white very ugly thing easily resists.
There is a staircase back to the Dungeon here.
You slice the white very ugly thing!!
You feel better.
The white very ugly thing is moderately wounded.
The white very ugly thing completely misses you.
You slash the white very ugly thing!
You feel better.
The white very ugly thing is moderately wounded.
The white very ugly thing punches you! The white very ugly thing freezes you!
You resist.
Unknown command.
The white very ugly thing punches you. The white very ugly thing freezes you!!
You resist.
* * * LOW HITPOINT WARNING * * *
You climb upwards.
Welcome back to the Dungeon!
There is a staircase to the Depths here.
Items here: !! ((( )))) = ??? | }} You hit the white very ugly thing.
You feel better.
The white very ugly thing is moderately wounded.
The white very ugly thing punches you!!
* * * LOW HITPOINT WARNING * * *
The white very ugly thing freezes you! You resist.
You die...

####.###.#.#.## #..#.#.####
....#)..).###.## #..#.......
####.###.## ##.## #).###.###.
#.....## ##.#######...##.##.. #
#..####### ###....<...#.##.#...
###..##.#..###.##########.##.#...
.....#.....##...# ##.#......
#######.##.#...u## #.........
######†.##......@#######..#...###
.....#...###....##..........%.)..
.....###(.###...######......)####
.##### ##.####.## #.....[.# .#
##...##### #.......## .# #.....#
#..).....### .# #.....#
#........#.. .# ##...##
#........#.# .# ##.##
#...........


You could see a white very ugly thing.

Vanquished Creatures
  Rupert (D:12)
  3 stone giants (Depths:1)
  3 very ugly things (Depths:1)
  A great orb of eyes (Depths:1)
  2 fire dragons
  3 ogre magi
  A yaktaur captain (D:14)
  2 rakshasas
  10 hydras
  The ghost of TheNamelessOne the Destroyer, a journeyman TeAE of Vehumet (D:11)
  2 catoblepae (Depths:1)
  A dancing weapon (D:11)
  16 two-headed ogres
  4 centaur warriors
  A two-headed ogre (shapeshifter) (D:15)
  2 deep troll earth magi (Depths:1)
  5 tengu warriors
  A deep troll shaman (Depths:1)
  Urug (Lair:5)
  A shock serpent (shapeshifter) (D:15)
  A spriggan berserker (Depths:1)
  An unseen horror (D:14)
  7 skeletal warriors
  2 lindwurms (shapeshifter) (D:15)
  2 deep trolls (Depths:1)
  An orc knight (Orc:2)
  2 lindwurms (Lair:6)
  A wolf spider zombie (D:14)
  2 deep elf magi (D:15)
  An orc sorcerer (Orc:1)
  A cyclops (D:14)
  A manticore (D:14)
  6 ugly things
  3 black mambas
  A gargoyle (D:15)
  5 torpor snails
  8 spiny frogs
  An efreet (D:15)
  6 komodo dragons
  3 yaktaurs
  A queen bee (shapeshifter) (D:14)
  9 polar bears (Lair:6)
  A tengu conjurer (Depths:1)
  3 tyrant leeches (Lair:6)
  8 trolls
  Grinder (D:3)
  A raiju (Lair:6)
  8 hornets
  11 blink frogs
  13 slime creatures
  7 hippogriffs
  A shadow (D:13)
  A spriggan (D:10)
  A fire elemental (Lair:1)
  3 wyverns
  55 yaks
  9 fire bats
  7 basilisks
  2 hungry ghosts
  The ghost of Nib the Shield-Bearer, an amateur FoFi (D:3)
  Menkaure (D:6)
  9 wargs
  A soldier ant (D:14)
  14 hell hounds (Lair:6)
  15 water moccasins
  32 orc warriors
  6 porcupines
  4 ice beasts
  2 swamp drakes
  3 sky beasts
  15 black bears
  A hornet zombie (D:12)
  2 necrophages
  A phantom (D:8)
  2 black bears (shapeshifter)
  7 boggarts
  19 wolves
  21 centaurs
  5 ogres
  10 crocodiles
  2 big kobolds
  18 bullfrogs
  A water moccasin zombie (D:5)
  10 scorpions
  8 killer bees
  9 wights
  2 howler monkeys
  An electric eel (Lair:5)
  4 crimson imps
  4 centaur zombies
  A jelly (D:9)
  A bullfrog zombie (D:5)
  18 orc priests
  6 centaur skeletons
  7 hounds
  Crazy Yiuf (D:3)
  5 iguanas
  4 bullfrog skeletons
  Ijyb (D:3)
  18 orc wizards
  21 worker ants
  A killer bee zombie (D:9)
  A hound zombie (D:10)
  2 hound skeletons (D:5)
  A howler monkey zombie (D:6)
  2 worker ant zombies (D:11)
  4 gnolls (Orc:2)
  11 adders
  2 shadow imps
  An ooze (D:3)
  3 adder skeletons
  5 worms
  5 dart slugs
  7 leopard geckos
  72 orcs
  6 giant cockroaches
  7 goblins
  7 hobgoblins
  14 jackals
  10 kobolds
  10 quokkas
  6 bats
  8 frilled lizards
  A jackal skeleton (D:5)
  A jackal zombie (D:5)
  A quokka skeleton (D:8)
  4 rats
  A bush (D:10)
  8 plants
772 creatures vanquished.

Vanquished Creatures (collateral kills)
  A minotaur (Lab)
  A torpor snail (Lair:6)
2 creatures vanquished.

Vanquished Creatures (others)
  An ettin (Orc:2)
  4 fungi
  29 plants
34 creatures vanquished.

Grand Total: 808 creatures vanquished

Notes
Turn   | Place    | Note
-------+----------+-------------------------------------------
     0 | Abyss:1  | glosham the Human Abyssal Knight began the quest for the
                  | Orb.
     0 | Abyss:1  | Reached XP level 1. HP: 18/18 MP: 2/2
     7 | Abyss:2  | Found a corrupted altar of Lugonu.
    12 | Abyss:2  | Noticed a thrashing horror
    15 | Abyss:2  | Noticed a queen bee
    15 | Abyss:2  | a shapeshifter changed into a queen bee
    39 | Abyss:2  | Noticed a small abomination
    85 | Abyss:2  | Noticed an ancient zyme
   103 | Abyss:2  | Noticed a thrashing horror
   116 | Abyss:2  | Noticed a wretched star
   125 | D:1      | Escaped the Abyss
   138 | D:1      | Reached skill level 1 in Maces & Flails
   154 | D:1      | Reached XP level 2. HP: 24/24 MP: 3/3
   296 | D:1      | Reached * piety under Lugonu
   296 | D:1      | Reached skill level 2 in Maces & Flails
   587 | D:2      | Reached XP level 3. HP: 23/29 MP: 4/4
   855 | D:2      | Reached skill level 3 in Maces & Flails
   931 | D:2      | Reached XP level 4. HP: 34/35 MP: 5/5
  1256 | D:3      | Found a large runed door.
  1257 | D:3      | Found a large runed door.
  1261 | D:3      | Noticed Nib's ghost (amateur FoFi)
  1268 | D:3      | Found a faded altar of an unknown god.
  1420 | D:3      | Killed Nib's ghost
  1420 | D:3      | Reached skill level 5 in Maces & Flails
  1420 | D:3      | Reached XP level 5. HP: 35/41 MP: 6/6
  1420 | D:3      | Reached XP level 6. HP: 40/47 MP: 7/7
  1470 | D:3      | Found a burning altar of Makhleb.
  1512 | D:3      | Noticed Grinder
  1512 | D:3      | Noticed Ijyb
  1530 | D:3      | Killed Ijyb
  1545 | D:3      | Killed Grinder
  1545 | D:3      | Reached skill level 6 in Maces & Flails
  1545 | D:3      | Reached XP level 7. HP: 38/52 MP: 8/8
  1737 | D:3      | Reached skill level 7 in Maces & Flails
  1764 | D:3      | Reached ** piety under Lugonu
  1869 | D:3      | Found a runed door.
  1873 | D:3      | Noticed Crazy Yiuf
  1880 | D:3      | Killed Crazy Yiuf
  2163 | D:4      | Reached skill level 8 in Maces & Flails
  2290 | D:4      | Reached XP level 8. HP: 50/58 MP: 9/9
  2331 | D:4      | Got an iridescent hand axe
  2332 | D:4      | Identified the +4 hand axe of the Many Shrikes {protect,
                  | *Noise rPois Int+4 Dex+4} (You found it on level 4 of the
                  | Dungeon)
  2684 | D:5      | Entered Level 5 of the Dungeon
  2686 | D:5      | Found a bloodstained altar of Trog.
  2725 | D:5      | Found Neat's Jewellery Shoppe.
  3019 | D:5      | Reached *** piety under Lugonu
  3019 | D:5      | Reached skill level 9 in Maces & Flails
  3383 | D:6      | Found Omakik's Assorted Antiques.
  3397 | D:6      | Bought 2 viscous white potions for 45 gold pieces
  3397 | D:6      | Bought a scroll labeled AMOTUFI YCEIKHUO for 25 gold pieces
  3397 | D:6      | Bought a curved copper wand for 100 gold pieces
  3397 | D:6      | Bought a scroll labeled LICUABBUADD for 25 gold pieces
  3397 | D:6      | Bought a scroll labeled AMOTUFI YCEIKHUO for 25 gold pieces
  3471 | D:6      | Reached skill level 10 in Maces & Flails
  3590 | D:6      | Found a bloodstained altar of Trog.
  3632 | D:6      | Found Gicuh's Jewellery Emporium.
  3670 | D:6      | Reached XP level 9. HP: 46/63 MP: 10/10
  3680 | D:6      | Noticed Menkaure
  3684 | D:6      | Killed Menkaure
  3754 | D:6      | Found Qualof's Antique Armour Shoppe.
  3807 | D:5      | Found a staircase to the Ecumenical Temple.
  3996 | D:7      | Reached skill level 11 in Maces & Flails
  4364 | D:7      | Reached **** piety under Lugonu
  4507 | D:8      | Noticed a hornet
  4513 | D:8      | Killed a hornet
  4533 | D:8      | Reached skill level 12 in Maces & Flails
  4646 | D:8      | Reached skill level 3 in Armour
  4651 | D:8      | Reached XP level 10. HP: 53/71 MP: 11/11
  4723 | D:8      | Reached skill level 4 in Fighting
  4824 | D:8      | Noticed a two-headed ogre
  4838 | D:8      | Killed a two-headed ogre
  4838 | D:8      | Reached skill level 4 in Armour
  4859 | D:8      | Reached skill level 5 in Fighting
  4917 | D:8      | Noticed Psyche
  4920 | D:8      | Noticed Psyche
  4920 | D:8      | Psyche changed into Psyche the bullfrog
  4922 | D:8      | Killed Psyche the bullfrog
  5196 | D:9      | Reached skill level 13 in Maces & Flails
  5391 | D:9      | Reached ***** piety under Lugonu
  5403 | D:9      | Reached skill level 5 in Armour
  5489 | D:9      | Reached XP level 11. HP: 65/81 MP: 12/12
  5857 | D:10     | Entered Level 10 of the Dungeon
  5868 | D:10     | Reached skill level 6 in Fighting
  6120 | D:5      | Bought the amulet "Tapolenu" {Spirit Dex+2} for 494 gold
                  | pieces
  6543 | D:10     | Found a staircase to the Orcish Mines.
  6561 | D:10     | Reached skill level 6 in Armour
  6733 | D:10     | Found a staircase to the Lair.
  6752 | D:10     | Reached skill level 14 in Maces & Flails
  6825 | D:10     | Reached skill level 7 in Fighting
  7037 | Orc:1    | Entered Level 1 of the Orcish Mines
  7076 | Orc:1    | Noticed Sonja
  7081 | Orc:1    | Noticed Sonja
  7081 | Orc:1    | Sonja changed into Sonja the black bear
  7091 | Orc:1    | Killed Sonja the black bear
  7405 | D:6      | Bought a pitted cloak for 256 gold pieces
  7405 | D:6      | Identified the +3 cloak "Soupomes" {Str+2} (You bought it
                  | in a shop on level 6 of the Dungeon)
  7528 | Lair:1   | Entered Level 1 of the Lair of Beasts
  7744 | D:11     | Noticed a centaur warrior
  7757 | D:11     | Killed a centaur warrior
  7759 | D:11     | Reached XP level 12. HP: 13/92 MP: 3/13
  7760 | D:11     | Reached ****** piety under Lugonu
  7873 | D:11     | Got an ancient dagger
  7880 | D:11     | Identified the +6 dagger of Obsession {holy, MR- Dex+6}
                  | (You found it on level 11 of the Dungeon)
  7926 | D:11     | Reached skill level 8 in Fighting
  8045 | D:11     | Reached skill level 15 in Maces & Flails
  8305 | D:11     | Found a runed door.
  8305 | D:11     | Found a shimmering altar of Xom.
  8305 | D:11     | Noticed TheNamelessOne's ghost (journeyman TeAE)
  8306 | D:11     | Found the +7 sceptre of Torment
  8306 | D:11     | Got an ancient whip
  8307 | D:11     | Noticed a flail of chaos
  8492 | D:6      | Bought a pair of gloves for 121 gold pieces
  8497 | D:6      | Identified the +3 whip of Impermanence {freeze, *Corrode
                  | rF+ rN++} (You found it on level 11 of the Dungeon)
  8927 | Lair:1   | Got a fabulously ornate robe
  8943 | Lair:1   | Identified the +1 robe "Joucw" {Str+6} (You found it on
                  | level 1 of the Lair of Beasts)
  9130 | Lair:2   | Reached skill level 2 in Dodging
  9166 | Lair:2   | Found a staircase to the Snake Pit.
  9235 | Lair:2   | Noticed a four-headed hydra
  9246 | Lair:2   | Killed a four-headed hydra
  9269 | Lair:2   | Reached skill level 3 in Dodging
  9398 | Lair:2   | Reached skill level 16 in Maces & Flails
  9401 | Lair:2   | Noticed a five-headed hydra
  9402 | Lair:2   | Noticed an eight-headed hydra
  9411 | Lair:2   | Killed an eight-headed hydra
  9412 | Lair:2   | Killed a five-headed hydra
  9849 | Lair:3   | Reached XP level 13. HP: 64/98 MP: 14/14
  9961 | Lair:3   | Reached skill level 17 in Maces & Flails
 10099 | Lair:3   | Found a staircase to the Swamp.
 10173 | Lair:3   | Noticed a five-headed hydra
 10182 | Lair:3   | Killed a five-headed hydra
 10373 | Orc:2    | Entered Level 2 of the Orcish Mines
 10666 | Orc:2    | HP: 8/98 [centaur/arrow (4)]
 11074 | Orc:2    | Reached skill level 18 in Maces & Flails
 11456 | Orc:2    | Found Viereoq's Assorted Antiques.
 11456 | Orc:2    | Found Wexkim's Distillery.
 11458 | Orc:2    | Found Pajaemp's Gadget Boutique.
 11460 | Orc:2    | Found Beusomat's Gadget Shoppe.
 11472 | Orc:2    | Bought a scroll of enchant weapon for 172 gold pieces
 11497 | Orc:2    | Found a staircase to the Elven Halls.
 11799 | Orc:1    | Noticed an ettin
 11824 | Orc:2    | Banished an ettin
 12254 | D:6      | Bought an uncursed ring of protection from magic for 300
                  | gold pieces
 12254 | D:6      | Bought the ring of the Peasants {rF+ rC+ Int+3} for 543
                  | gold pieces
 13315 | Lair:5   | Reached skill level 19 in Maces & Flails
 13365 | Lair:5   | Reached XP level 14. HP: 84/105 MP: 15/15
 13542 | Lair:5   | Found a staircase to the Slime Pits.
 13602 | Lair:5   | Noticed Urug
 13610 | Lair:5   | Killed Urug
 14008 | Lair:6   | Entered Level 6 of the Lair of Beasts
 14038 | Lair:6   | Found a labyrinth entrance.
 14047 | Lab      | Entered a labyrinth
 15224 | Lab      | Noticed a minotaur
 15232 | Lab      | Killed a minotaur
 15390 | Lair:6   | Found a runed door.
 15517 | Lair:6   | Identified a +2 pair of boots of running (You found it on
                  | level 6 of the Lair of Beasts)
 15584 | Lair:6   | Reached skill level 20 in Maces & Flails
 16125 | Lair:6   | Reached skill level 3 in Invocations
 16298 | Lair:6   | Found the +3 pair of gauntlets of War {Slay+5}
 16708 | Lair:6   | Reached skill level 4 in Dodging
 16799 | Lair:6   | Reached skill level 9 in Fighting
 16925 | Lair:6   | Reached skill level 4 in Invocations
 17047 | Lair:6   | Identified the +0 plate armour "Qafekaurgh" {Dex+3} (You
                  | found it on level 6 of the Lair of Beasts)
 17076 | Lair:6   | Reached XP level 15. HP: 103/114 MP: 18/18
 17090 | Lair:6   | Reached skill level 7 in Armour
 17318 | D:11     | Killed TheNamelessOne's ghost
 17364 | D:11     | Reached skill level 5 in Dodging
 17535 | D:12     | Noticed Rupert
 17563 | D:12     | Killed Rupert
 17563 | D:12     | Reached skill level 10 in Fighting
 17563 | D:12     | Reached skill level 5 in Invocations
 17686 | D:12     | Reached skill level 1 in Axes
 17700 | D:12     | Reached skill level 2 in Axes
 17736 | D:12     | Reached skill level 3 in Axes
 17881 | D:12     | Reached skill level 4 in Axes
 17885 | D:12     | Got a scorched falchion {slice}
 17896 | D:12     | Reached skill level 5 in Axes
 18632 | D:14     | Reached skill level 6 in Axes
 18779 | D:14     | Reached skill level 7 in Axes
 18829 | D:14     | Found a gate to the Vaults.
 19019 | D:14     | Reached skill level 8 in Axes
 19403 | D:15     | Entered Level 15 of the Dungeon
 19433 | D:15     | Reached XP level 16. HP: 119/122 MP: 16/20
 19504 | D:15     | Reached skill level 9 in Axes
 19723 | D:15     | Reached skill level 10 in Axes
 19778 | D:15     | HP: 6/122 [shock serpent (shapeshifter) (12)]
 19833 | D:15     | HP: 12/122 [11-headed hydra (8)]
 19833 | D:15     | HP: 1/122 [11-headed hydra (11)]
 20224 | D:15     | Found a staircase to the Depths.
 20383 | Depths:1 | Entered Level 1 of the Depths
 20484 | Depths:1 | Found a gateway to Hell.
 20541 | Depths:1 | Reached skill level 11 in Axes
 20576 | Depths:1 | Paralysed by an ogre mage for 4 turns
 20585 | Depths:1 | Reached skill level 12 in Axes
 20725 | Depths:1 | Reached skill level 13 in Axes
 20753 | Depths:1 | Found Niahaon's Pet Rocks.
 20845 | Depths:1 | Reached XP level 17. HP: 103/128 MP: 15/21
 21098 | Depths:1 | HP: 9/128 [spriggan berserker/antimagic rapier (16)]
 21250 | D:15     | HP: 5/128 [white very ugly thing (16)]
 21250 | D:15     | Mangled by a white very ugly thing

Vault maps used:
D:1:      minmay_arrival_diagonal_passages
D:3:      bloody_makhleb, chequers_ecumenical_altar_simple,
          ebering_ghost_disaster_area, uniq_crazy_yiuf_cottage, uniq_grinder,
          uniq_ijyb
D:4:      first_ration, minmay_bisected
D:5:      kennysheep_spiral_hall, minmay_temple_entry_from_below_a,
          serial_shops, shop, trog_three_pillars_becter
D:6:      serial_shops, nicolae_shop_temple_entry_statues_fountains, shop, shop,
          bloody_trog, uniq_menkaure
D:8:      uniq_psyche
D:10:     minmay_lair_entry_grove, erik_orc_1, the_bakery
D:11:     ebering_ghost_xom
D:12:     cheibrodos_fzero, uniq_rupert
D:13:     kennysheep_potato
D:14:     david_vaults_2, hangedman_decor_slide_cut, st_stairs_13
D:15:     gammafunk_enter_depths_forms
Lair:2:   dummy_snake_entry, minivault_23
Lair:3:   swamp_mist_pool, infiniplex_staircase_pool_2
Lair:5:   dpeg_slime_entry_corner, lemuel_fruit_tree, serial_bayou_shore_a,
          grunt_megastairs_3, uniq_urug
Lair:6:   hangedman_lair_caniforms_friends, wormcave, lab_entry_generic,
          zaba_anthole, lemuel_another_geyser, infiniplex_staircase_pool
Orc:1:    uniq_sonja
Orc:2:    st_orc_rangers
Depths:1: enter_ziggurat_d, kennysheep_pointless_box, hell_entry,
          guppyfry_shop_earth
Lab:      nicolae_lab_grate_2

Skill      XL: |  1  2  3  4  5  6  7  8  9 10 11 12 13 14 15 16 |
---------------+-------------------------------------------------+-----
Maces & Flails | 1 2 3 5 6 8 10 12 13 14 16 19 20 | 20.0
Armour         | 3 5 6 7 |  7.6
Fighting       | 5 7 8 9 10 | 10.3
Dodging        | 3 4 5 |  5.5
Invocations    | 4 5 |  5.3
Axes           | 8 13 | 13.8
Long Blades    | |  2.0

Action                   |  1- 3 |  4- 6 |  7- 9 | 10-12 | 13-15 | 16-18 || total
-------------------------+-------+-------+-------+-------+-------+-------++-------
Melee: Great mace        |    68 |    66 |   215 |   503 |   812 |       ||  1664
       Hand axe          |       |       |    64 |   102 |   158 |       ||   324
       Executioner's axe |       |       |       |       |   226 |   264 ||   490
 Fire: Blowgun           |       |       |       |     5 |     6 |       ||    11
       Shortbow          |       |       |       |     2 |       |       ||     2
       Arbalest          |       |       |       |       |     8 |       ||     8
Throw: Stone             |     8 |       |       |       |       |       ||     8
       Javelin           |       |       |       |       |     1 |       ||     1
Invok: Depart the Abyss  |     1 |       |       |       |       |       ||     1
       Bend Space        |       |       |       |     2 |     6 |     1 ||     9
       Banish            |       |       |       |       |     2 |       ||     2
Evoke: Wand              |       |       |    15 |    39 |    17 |    14 ||    85
       Sack of spiders   |       |       |       |       |     3 |       ||     3
       Phial of floods   |       |       |       |       |     2 |       ||     2
  Use: Scroll            |     6 |     4 |     8 |    12 |    15 |     7 ||    52
       Potion            |       |     4 |       |     1 |     6 |     2 ||    13
 Stab: Sleeping          |     1 |       |       |       |       |       ||     1
       Confused          |       |       |       |     1 |       |       ||     1
       Paralysed         |       |       |       |     6 |     3 |       ||     9
       Petrified         |       |       |       |       |       |     2 ||     2
  Eat: Chunk             |       |     2 |    10 |    16 |    20 |     3 ||    51
       Ration            |       |       |       |     2 |     6 |     1 ||     9
Armor: Leather armour    |     9 |       |       |       |       |       ||     9
       Chain mail        |    17 |    49 |   143 |       |       |       ||   209
       Plate armour      |       |       |    61 |   425 |   796 |   221 ||  1503
       Troll leather arm |       |       |       |       |     1 |    62 ||    63
Dodge: Dodged            |    36 |    23 |    83 |   178 |   469 |   208 ||   997

Table legend:
 A = Non-vault XP
 B = Vault XP
 C = Vault XP percentage of total XP
 D = Non-vault monster count
 E = Vault monster count
 F = Vault count percentage of total count
                 A         B        C        D         E       F
            +---------+---------+-------+---------+---------+-------
      Total |  112080 |   47042 |  29.6 |     566 |     200 |  26.1
            +---------+---------+-------+---------+---------+-------
        D:1 |      26 |       0 |   0.0 |      15 |       0 |   0.0
        D:2 |      64 |       0 |   0.0 |      21 |       0 |   0.0
        D:3 |     104 |     552 |  84.1 |      24 |       4 |  14.3
        D:4 |     223 |      78 |  25.9 |      15 |       4 |  21.1
        D:5 |     318 |     263 |  45.3 |      12 |       4 |  25.0
        D:6 |     351 |     172 |  32.9 |      12 |       1 |   7.7
        D:7 |     840 |       0 |   0.0 |      27 |       0 |   0.0
        D:8 |    2919 |      93 |   3.1 |      30 |       1 |   3.2
        D:9 |    2125 |       0 |   0.0 |      35 |       0 |   0.0
       D:10 |    2063 |    2697 |  56.7 |      31 |      30 |  49.2
       D:11 |    3888 |    1760 |  31.2 |      33 |       3 |   8.3
       D:12 |    8330 |    8418 |  50.3 |      39 |      13 |  25.0
       D:13 |     908 |     411 |  31.2 |      10 |       4 |  28.6
       D:14 |   11358 |    1558 |  12.1 |      39 |       4 |   9.3
       D:15 |   13200 |    4425 |  25.1 |      27 |      11 |  28.9
     Lair:1 |    2243 |       0 |   0.0 |      13 |       0 |   0.0
     Lair:2 |    5326 |       0 |   0.0 |      16 |       0 |   0.0
     Lair:3 |    5933 |       0 |   0.0 |      20 |       0 |   0.0
     Lair:4 |    5469 |       0 |   0.0 |      25 |       0 |   0.0
     Lair:5 |    5671 |    1629 |  22.3 |      20 |       4 |  16.7
     Lair:6 |    4461 |   17912 |  80.1 |      20 |      77 |  79.4
      Orc:1 |    1823 |     139 |   7.1 |      17 |       1 |   5.6
      Orc:2 |    2535 |    4378 |  63.3 |      30 |      36 |  54.5
   Depths:1 |   30865 |    2557 |   7.7 |      34 |       3 |   8.1
        Lab |    1037 |       0 |   0.0 |       1 |       0 |   0.0
            +---------+---------+-------+---------+---------+-------

Table legend:
 A = Turns spent in this place as a percentage of turns spent in the entire game.
 B = Non-inter-level travel turns spent in this place as a percentage of non-inter-level travel turns spent in the entire game.
 C = Inter-level travel turns spent in this place as a percentage of turns spent in this place.
 D = Turns resting spent in this place as a percentage of non-inter-level travel turns spent in this place.
 E = Turns spent auto-exploring this place as a percentage of non-inter-level travel turns spent in this place.
 F = Non-inter-level travel turns spent in this place divided by the number of levels of this place that you've seen.
                   A       B       C       D       E      F
               +-------+-------+-------+-------+-------+----------------------
         Total | 100.0 | 100.0 |  13.5 |   1.6 |   0.5 | 680.6
       Dungeon |  55.0 |  52.5 |  17.5 |   0.9 |   0.6 | 643.2
          Lair |  25.2 |  26.0 |  10.9 |   3.4 |   0.7 | 795.2
  Orcish Mines |   9.4 |   9.8 |  10.3 |   2.3 |   0.0 | 898.5
        Depths |   4.0 |   4.5 |   4.7 |   0.0 |   0.0 | 818.0
         Abyss |   0.6 |   0.7 |   0.0 |   0.0 |   0.0 |  62.5
     Labyrinth |   5.7 |   6.6 |   0.0 |   0.0 |   0.0 | 1218.0
               +-------+-------+-------+-------+-------+----------------------

Table legend:
 A = Kills in this place as a percentage of kills in entire the game.
 B = Kills by you in this place as a percentage of kills by you in the entire game.
 C = Kills by friends in this place as a percentage of kills by friends in the entire game.
 D = Other kills in this place as a percentage of other kills in the entire game.
 E = Experience gained in this place as a percentage of experience gained in the entire game.
 F = Experience gained in this place divided by the number of levels of this place that you have seen.
                   A       B       C       D       E      F
               +-------+-------+-------+-------+-------+----------------------
         Total | 100.0 | 100.0 | 100.0 | 100.0 | 100.0 | 5893.4
       Dungeon |  58.6 |  58.8 |   0.0 |   0.0 |  42.2 | 4476.3
          Lair |  25.5 |  25.4 |  50.0 |   0.0 |  30.6 | 8107.3
  Orcish Mines |  11.0 |  10.9 |   0.0 | 100.0 |   5.6 | 4437.5
        Depths |   4.8 |   4.8 |   0.0 |   0.0 |  21.0 | 33422.0
     Labyrinth |   0.1 |   0.0 |  50.0 |   0.0 |   0.7 | 1037.0
               +-------+-------+-------+-------+-------+----------------------

Vault maps used:
D:1:      minmay_arrival_diagonal_passages
D:3:      bloody_makhleb, chequers_ecumenical_altar_simple,
          ebering_ghost_disaster_area, uniq_crazy_yiuf_cottage, uniq_grinder,
          uniq_ijyb
D:4:      first_ration, minmay_bisected
D:5:      kennysheep_spiral_hall, minmay_temple_entry_from_below_a,
          serial_shops, shop, trog_three_pillars_becter
D:6:      serial_shops, nicolae_shop_temple_entry_statues_fountains, shop, shop,
          bloody_trog, uniq_menkaure
D:8:      uniq_psyche
D:10:     minmay_lair_entry_grove, erik_orc_1, the_bakery
D:11:     ebering_ghost_xom
D:12:     cheibrodos_fzero, uniq_rupert
D:13:     kennysheep_potato
D:14:     david_vaults_2, hangedman_decor_slide_cut, st_stairs_13
D:15:     gammafunk_enter_depths_forms
Lair:2:   dummy_snake_entry, minivault_23
Lair:3:   swamp_mist_pool, infiniplex_staircase_pool_2
Lair:5:   dpeg_slime_entry_corner, lemuel_fruit_tree, serial_bayou_shore_a,
          grunt_megastairs_3, uniq_urug
Lair:6:   hangedman_lair_caniforms_friends, wormcave, lab_entry_generic,
          zaba_anthole, lemuel_another_geyser, infiniplex_staircase_pool
Orc:1:    uniq_sonja
Orc:2:    st_orc_rangers
Depths:1: enter_ziggurat_d, kennysheep_pointless_box, hell_entry,
          guppyfry_shop_earth
Lab:      nicolae_lab_grate_2
